 Dungeon Crawl Stone Soup version 0.27.1 (webtiles) character file.

Game seed: 9611493522571327235

46 Kold the Insei (level 3, -4/23 HPs)
             Began as an Octopode Transmuter on Sept 3, 2021.
             Slain by Sigmund (12 damage)
             ... on level 2 of the Dungeon.
             The game lasted 00:01:40 (1962 turns).

Kold the Insei (Octopode Transmuter)                Turns: 1962, Time: 00:01:41

Health: -4/23      AC:  1    Str:  9    XL:     3   Next: 66%
Magic:  5/6        EV: 13    Int: 16    God:
Gold:   43         SH:  0    Dex: 12    Spells: 5/6 levels left

rFire    . . .     SeeInvis .     - Unarmed
rCold    . . .     Faith    .   (no shield)
rNeg     . . .     Spirit   .   (helmet currently unavailable)
rPois    .         Reflect  .   (no amulet)
rElec    .         Harm     .   (no ring)
rCorr    .         Rampage  .   (no ring)
Will     .....                  (no ring)
Stlth    ++........             (no ring)
HPRegen  0.07/turn              (no ring)
MPRegen  0.10/turn              (no ring)
                                (no ring)
                                (no ring)

@: appendages (expiring)
A: tentacle spike 3, almost no armour, amphibious, 8 rings, camouflage 1,
gelatinous body 1, (nimble swimmer 1), tentacles
a: End Transformation


You were on level 2 of the Dungeon.
One of your tentacles had grown a beastly spike.
You visited 1 branch of the dungeon, and saw 2 of its levels.

You collected 43 gold pieces.

Inventory:

Potions
 d - 2 potions of curing {unknown}
 e - a potion of haste {unknown}


   Skills:
 - Level 1.0 Fighting
 - Level 2.0 Dodging
 + Level 3.8 Unarmed Combat
 - Level 2.0 Spellcasting
 + Level 3.1 Transmutations


You had 5 spell levels left.
You knew the following spells:

 Your Spells              Type           Power      Damage    Failure   Level
a - Beastly Appendage     Tmut           22%        N/A       6%          1

Your spell library contained the following spells:

 Spells                   Type           Power      Damage    Failure   Level
 Wereblood                Tmut           11%        N/A       9%          2
 Spider Form              Tmut/Pois      3%         N/A       32%         3
 Ice Form                 Ice/Tmut       6%         N/A       73%         4


Dungeon Overview and Level Annotations

Branches:
Dungeon (2/15)

Altars:

Annotations:
D:2 Sigmund


Innate Abilities, Weirdness & Mutations

One of your tentacles has grown a beastly spike.
You cannot wear most types of armour.
You are amphibious.
You can wear up to eight rings at the same time.
Your skin changes colour to match your surroundings (Stealth+).
Your rubbery body absorbs attacks. (AC +1, EV +1)
((You are camouflaged near water. (Stealth+)))
You have tentacles for arms and can constrict up to eight enemies at once.


Message History

Your tentacle spike disappears.
You see here a +0 leather armour.
You start resting.
Sigmund is nearby!
Casting: Beastly Appendage (safe; 6% risk of failure)
Confirm with . or Enter, or press ? or * to list all spells.
One of your tentacles grows a vicious spike.
Sigmund shouts!
Casting: Beastly Appendage (safe; 6% risk of failure)
Confirm with . or Enter, or press ? or * to list all spells.
You don't know that spell.
Sigmund points at you and mumbles some strange words.
The puff of flame hits you!
You see here a +0 leather armour.
You closely miss Sigmund. Your grab misses Sigmund.
You pierce Sigmund.
Sigmund is lightly wounded.
A giant cockroach comes into view.
Sigmund barely misses you.
You tentacle-slap Sigmund but do no damage.
You grab Sigmund.
You pierce Sigmund, but do no damage.
Sigmund is lightly wounded.
You constrict Sigmund. You tentacle-slap Sigmund.
You pierce Sigmund.
Sigmund is moderately wounded.
You constrict Sigmund. Sigmund barely misses you.
You barely miss Sigmund.
Your tentacle spike misses Sigmund.
Your tentacle-slap misses Sigmund.
Sigmund is moderately wounded.
You constrict Sigmund. Sigmund hits you with a +0 scythe!
You tentacle-slap Sigmund but do no damage.
You pierce Sigmund, but do no damage.
Sigmund is heavily wounded.
You constrict Sigmund.
You tentacle-slap Sigmund but do no damage.
You pierce Sigmund.
Sigmund is heavily wounded.
Your transformation is almost over.
You constrict Sigmund. Sigmund hits you with a +0 scythe!
Ouch! That really hurt!
You die...

.######.......###..###.
.................#.# .##
.....######.###..##...#
>...### #.# #..# ##.#
....#.## #.# #..# .# . #
#....###.###..####.#)..#
#.##.......B.........@#
.## #...........@....###
...# ###.....#.@####.#
..... #....##..#
#.####.....>
#.#.###..####†..@.......
#..............###......
##.##.#.######## ....$
#. #.#.# ...# #. #.#.#
.## #. .J..# # ## #...#


You could see Sigmund and a giant cockroach.

Vanquished Creatures
  An adder (D:2)
  4 dart slugs (D:1)
  5 endoplasms
  2 goblins (D:1)
  3 hobgoblins
  5 kobolds
  3 ball pythons (D:1)
  4 rats (D:1)
27 creatures vanquished.

Vanquished Creatures (others)
  4 plants (D:2)
4 creatures vanquished.

Grand Total: 31 creatures vanquished

Notes
Turn   | Place    | Note
-------+----------+-------------------------------------------
     0 | D:1      | Kold the Octopode Transmuter began the quest for the Orb.
     0 | D:1      | Reached XP level 1. HP: 13/13 MP: 3/3
   441 | D:1      | Reached XP level 2. HP: 18/18 MP: 3/5
   690 | D:1      | Found a faded altar of an unknown god.
  1068 | D:1      | Reached XP level 3. HP: 23/23 MP: 6/6
  1893 | D:2      | Noticed Sigmund
  1962 | D:2      | Slain by Sigmund

Illustrated notes

Levels and vault maps discovered:
D:1:      saegor_arrival_miasma, layout_basic,
          shapermc_ecumenical_altar_flowoftime, serial_bayou_lagoon_a,
          kennysheep_small_spiral, minivault_24, nrook_mini_backslash
D:2:      layout_loops_ring, lexackson_kobold_supper, uniq_natasha, uniq_sigmund

Skill      XL: |  1  2  3 |
---------------+----------+-----
Transmutations | 3 |  3.1
Fighting       | |  1.0
Dodging        | |  2.0
Unarmed Combat | |  3.8
Spellcasting   | |  2.0

Action                   || total
-------------------------++-------
Melee: Unarmed           ||    59
       Constrict         ||    17
       Tentacles         ||    11
       Kick              ||    11
 Cast: Beastly Appendage ||    14
  Use: Scroll            ||     4
 Stab: Sleeping          ||     6
Armor: Skin              ||     2
Dodge: Dodged            ||    29
